 Dungeon Crawl Stone Soup version 0.28.0-43-g3370ac3207 (webtiles) character file.

Game seed: 15100109079038947222

270 Icepheonix32 the Skirmisher (level 6, -2/49 HPs)
             Began as a Demonspawn Fighter on Mar 14, 2022.
             Killed by nerve-wracking pain
             ... invoked by a shadow imp
              (13 damage)
             ... on level 4 of the Dungeon.
             The game lasted 00:04:23 (2781 turns).

Icepheonix32 the Skirmisher (Demonspawn Fighter)    Turns: 2781, Time: 00:04:24

Health: -2/49      AC:  8    Str: 17    XL:     6   Next: 1%
Magic:  6/6        EV: 13    Int:  9    God:
Gold:   40         SH:  5    Dex: 14    Spells: 5/5 levels left

rFire   . . .      SeeInvis .   f - +2 dagger (drain)
rCold   . . .      Faith    .   c - +0 buckler
rNeg    . . .      Spirit   .   b - +0 scale mail
rPois   .          Reflect  .   (no helmet)
rElec   .          Harm     .   (cloak unavailable)
rCorr   .          Rampage  .   (no gloves)
Will    .....                   u - +0 pair of boots
Stlth   ..........              (no amulet)
HPRegen 0.16/turn               n - +4 ring of evasion
MPRegen 0.10/turn               (no ring)

@: no status effects
A: weakness stinger 3
a: no special abilities


You were on level 4 of the Dungeon.
You visited 1 branch of the dungeon, and saw 4 of its levels.

You collected 196 gold pieces.
You spent 156 gold pieces at shops.

Inventory:

Hand Weapons
 a - a +0 long sword
 f - a +2 dagger of draining (weapon)
 s - a +0 lajatang
Missiles
 w - 2 throwing nets (quivered)
Armour
 b - a +0 scale mail (worn)
 c - a +0 buckler (worn)
 u - a +0 pair of boots (worn)
Jewellery
 n - a +4 ring of evasion (left hand)
Scrolls
 g - 2 scrolls of teleportation
 i - 2 scrolls of immolation {unknown}
 k - a scroll of blinking {unknown}
 l - a scroll of vulnerability {unknown}
 p - 2 scrolls of magic mapping
 v - a scroll of enchant armour {unknown}
Potions
 d - a potion of might
 e - 3 potions of curing
 h - 2 potions of attraction
 j - a potion of degeneration {unknown}
 o - a potion of heal wounds {unknown}
 q - a potion of brilliance
 r - a potion of mutation
 t - a potion of lignification {unknown}
 z - a potion of resistance {unknown}


   Skills:
 * Level 4.4 Fighting
 + Level 2.1(2.5) Short Blades
 - Level 2.0(2.4) Long Blades
 + Level 4.1 Armour
 - Level 0.4 Dodging
 + Level 0.1 Stealth
 + Level 3.3 Shields


You had 5 spell levels left.
You didn't know any spells.
Your spell library was empty.

Dungeon Overview and Level Annotations

Branches:
Dungeon (4/15)
 Temple: D:4-7

Altars:
Kikubaaqudgha

Shops:
D:1 *   D:3 ?

Annotations:
D:3 3 runed translucent doors, Icepheonix32's ghost, amateur DsFi


Innate Abilities, Weirdness & Mutations

You have a sharp stinger which inflicts weakening toxins.


Message History

You are too injured to fight recklessly!
You are too injured to fight recklessly!
You are too injured to fight recklessly!
You are too injured to fight recklessly!
You are too injured to fight recklessly!
You are too injured to fight recklessly!
You are too injured to fight recklessly!
You are too injured to fight recklessly!
You are too injured to fight recklessly!
You are too injured to fight recklessly!
Unknown command.
You closely miss the phantom.
The phantom is almost destroyed.
You block the endoplasm's attack. The phantom barely misses you.
You hit the phantom.
You destroy the phantom!
The endoplasm freezes you.
You are frozen.
The shadow imp gestures at you. Pain shoots through your body!
* * * LOW HITPOINT WARNING * * *
Your Short Blades skill increases to level 2!
Your Armour skill increases to level 4!
You have reached level 6!
It was a potion of curing.
You feel better. You block the endoplasm's attack.
Unknown command.
You hit the shadow imp but do no damage.
Your tail-slap misses the shadow imp.
The shadow imp hits you but does no damage.
The endoplasm freezes you.
You are frozen.
* * * LOW HITPOINT WARNING * * *
You hit the shadow imp.
The shadow imp is moderately wounded.
You hit the shadow imp but do no damage.
Your tail-slap misses the shadow imp.
The shadow imp is moderately wounded.
The shadow imp gestures at you. Pain shoots through your body!
You die...

######### #........
####.#.#####
#.......# #.......#
#####..<..>.#
#...........#
########.#.#.......#
..........#...5@...#
#######..###..J....#
#.## ##.###......
#..###..# .####.
#...#.#.. .# #....#
##. ####.# #.# #.#


You could see a shadow imp and an endoplasm.

Vanquished Creatures
  A phantom (D:4)
  Natasha (thrice) (D:2)
  Terence (D:2)
  2 adders (D:2)
  A worm (D:3)
  2 dart slugs
  2 orcs (D:3)
  6 bats
  5 endoplasms
  5 giant cockroaches
  3 goblins
  6 hobgoblins
  6 jackals
  3 quokkas
  6 ball pythons
  A frilled lizard (D:2)
  7 kobolds
  4 rats (D:1)
64 creatures vanquished.

Notes
Turn   | Place    | Note
-------+----------+-------------------------------------------
     0 | D:1      | Icepheonix32 the Demonspawn Fighter began the quest for the
                  | Orb.
     0 | D:1      | Reached XP level 1. HP: 18/18 MP: 1/1
    53 | D:1      | Discovered your monstrous ancestry.
    53 | D:1      | Gained mutation: You have a small tail. [demonic ancestry]
    53 | D:1      | Reached XP level 2. HP: 5/24 MP: 2/2
   653 | D:1      | Found Sible's Assorted Antiques.
   664 | D:1      | Bought a scroll labelled FOEXZU ZOPOSS for 23 gold pieces
   664 | D:1      | Bought a scroll labelled JOAFYP PEGAI for 23 gold pieces
   697 | D:1      | Gained mutation: You have a tail ending in a sharp stinger.
                  | [demonic ancestry]
   697 | D:1      | Reached XP level 3. HP: 22/29 MP: 3/3
   798 | D:1      | Found a faded altar of an unknown god.
  1000 | D:2      | Noticed Natasha
  1011 | D:2      | Killed Natasha
  1154 | D:2      | Reached XP level 4. HP: 37/37 MP: 4/4
  1158 | D:2      | Noticed Natasha
  1166 | D:2      | Killed Natasha
  1167 | D:2      | Reached skill level 1 in Short Blades
  1170 | D:2      | Noticed Natasha
  1183 | D:2      | Killed Natasha
  1526 | D:2      | Noticed Terence
  1549 | D:2      | Killed Terence
  1550 | D:2      | Gained mutation: You have a sharp stinger which inflicts
                  | weakening toxins. [demonic ancestry]
  1550 | D:2      | Reached XP level 5. HP: 21/42 MP: 5/5
  2027 | D:3      | Noticed Icepheonix32's ghost (amateur DsFi)
  2093 | D:3      | Found Nedaangoir's Magic Scroll Shop.
  2151 | D:3      | Bought a scroll of identify for 26 gold pieces
  2151 | D:3      | Bought a scroll of magic mapping for 45 gold pieces
  2151 | D:3      | Bought a scroll of teleportation for 39 gold pieces
  2355 | D:3      | Found a runed translucent gate.
  2355 | D:3      | Found a runed translucent gate.
  2356 | D:3      | Found a runed translucent gate.
  2549 | D:3      | Found an ancient bone altar of Kikubaaqudgha.
  2744 | D:4      | Noticed a phantom
  2777 | D:4      | Killed a phantom
  2778 | D:4      | Reached XP level 6. HP: 8/49 MP: 6/6
  2781 | D:4      | Killed from afar by a shadow imp

Illustrated notes

Levels and vault maps discovered:
D:1:      dpeg_arrival_rooms_b, layout_basic, serial_shops,
          nicolae_shop_statue_plus, shapermc_ecumenical_altar_mp_vishouse
D:2:      layout_rooms, uniq_terence, uniq_natasha
D:3:      layout_loops_ring, general_overflow_altar, serial_shops, shop_coins,
          gammafunk_ghost_split, grunt_ministairs_14
D:4:      layout_loops_ring, serial_shops, shop, minmay_vboxes

Skill      XL: |  1  2  3  4  5 |
---------------+----------------+-----
Long Blades    | 2 |  2.0
Armour         | 3 4 |  4.1
Shields        | 3 |  3.3
Short Blades   | 1 2 |  2.1
Fighting       | 4 |  4.4
Dodging        | |  0.4
Stealth        | |  0.1

Action                   |  1- 3 |  4- 6 || total
-------------------------+-------+-------++-------
Melee: Long sword        |    23 |       ||    23
       Dagger            |    59 |   135 ||   194
       Tailslap          |    10 |    19 ||    29
  Use: Scroll            |       |     5 ||     5
       Potion            |       |     1 ||     1
Armor: Scale mail        |    42 |    44 ||    86
Dodge: Dodged            |    35 |    76 ||   111
Block: Buckler           |    15 |    23 ||    38
